 Dungeon Crawl Stone Soup version 0.18.1-6-gd335043 (webtiles) character file.

159 nikopol the Skirmisher (level 5, -11/48 HPs)
             Began as a Minotaur Berserker on May 17, 2016.
             Was a Believer of Trog.
             Mangled by an orc warrior
             ... wielding a +0 flail
              (12 damage)
             ... on level 3 of the Dungeon.
             The game lasted 00:04:12 (2478 turns).

nikopol the Skirmisher (Minotaur Berserker)         Turns: 2478, Time: 00:04:12

Health: -11/48     AC:  5    Str: 22    XL:     5   Next: 17%
Magic:  4/4        EV: 12    Int:  4    God:    Trog [**....]
Gold:   124        SH:  0    Dex: 10    Spells: 0 memorised, 4 levels left

rFire  . . .     SeeInvis .     q - +0 halberd
rCold  . . .     Gourm    .     f - +0 ring mail
rNeg   . . .     Faith    .     (shield currently unavailable)
rPois  .         Spirit   .     (helmet restricted)
rElec  .         Dismiss  .     (no cloak)
rCorr  .         Reflect  .     (no gloves)
SustAt .         Harm     .     (no boots)
MR     .....                    (no amulet)
Stlth  ..........               (no ring)
                                (no ring)

@: not resistant to hostile enchantments, extremely unstealthy
A: retaliatory headbutt, horns 2
a: Berserk, Trog's Hand, Burn Spellbooks, Renounce Religion


You were on level 3 of the Dungeon.
You worshipped Trog.
Trog was pleased with you.
You were not hungry.

You visited 1 branch of the dungeon, and saw 3 of its levels.

You collected 124 gold pieces.

Inventory:

Hand Weapons
 a - a +0 spear
 q - a +0 halberd (weapon)
Armour
 b - a +0 animal skin
 d - a +0 leather armour
 f - a +0 ring mail (worn)
Scrolls
 e - 2 scrolls of teleportation {unknown}
 g - a scroll of identify {unknown}
 h - a scroll of immolation {unknown}
 k - a scroll of recharging {unknown}
 o - a scroll of remove curse {unknown}
Potions
 i - a potion of cancellation {unknown}
 j - a potion of beneficial mutation {unknown}
 l - a potion of brilliance {unknown}
 n - a potion of curing {unknown}
 p - a potion of degeneration {unknown}
Comestibles
 c - 3 bread rations
 m - 3 chunks of flesh
 r - a meat ration


   Skills:
 + Level 5.0 Fighting
 + Level 4.5 Polearms
 + Level 3.8 Armour
 + Level 3.4 Dodging


You had 4 spell levels left.
You didn't know any spells.

Dungeon Overview and Level Annotations

Branches:
Dungeon (3/15)

Altars:
Ashenzari
Pakellas


Innate Abilities, Weirdness & Mutations

You reflexively headbutt those who attack you in melee.
You have a pair of horns on your head.


Message History

The orc priest is severely wounded.
The orc priest barely misses you.
You closely miss the orc priest.
The orc priest is severely wounded.
The orc priest hits you with a short sword.
You puncture the orc warrior! Your headbutt misses the orc warrior.
The orc warrior is moderately wounded.
The orc priest casts a cantrip, but nothing happens.
The orc warrior barely misses you. You furiously retaliate!
You headbutt the orc warrior, but do no damage.
You hit the orc warrior. Your headbutt misses the orc warrior.
The orc warrior is heavily wounded.
The orc warrior hits you with a flail!!
You barely miss the orc warrior. Your headbutt misses the orc warrior.
The orc warrior is heavily wounded.
The orc priest invokes the aid of Beogh against you.
Beogh smites you!
* * * LOW HITPOINT WARNING * * *
The orc warrior hits you with a flail!
You die...

#. #.
.)###l#####
.....oo@..#
.####o###.#
#.##.#.#
#.#.###.#
#.>## #..
###<# ###
##.# #..
###


You could see an orc warrior, an orc priest, an orc and a giant gecko.

Vanquished Creatures
  Robin (D:2)
  5 adders (D:2)
  4 gnolls (D:2)
  2 worms (D:2)
  3 giant geckos
  A giant cockroach (D:2)
  14 goblins
  7 hobgoblins
  3 jackals (D:1)
  6 kobolds
  A quokka (D:2)
  A ball python (D:2)
  3 bats
  7 rats
58 creatures vanquished.

Notes
Turn   | Place    | Note
--------------------------------------------------------------
     0 | D:1      | nikopol the Minotaur Berserker began the quest for the Orb.
     0 | D:1      | Reached XP level 1. HP: 19/19 MP: 0/0
   247 | D:1      | Reached XP level 2. HP: 27/27 MP: 1/1
   545 | D:1      | Reached skill level 4 in Fighting
  1009 | D:2      | Reached ** piety under Trog
  1018 | D:2      | Found an oddly glowing altar of Pakellas.
  1141 | D:2      | Reached XP level 3. HP: 33/33 MP: 2/2
  1146 | D:2      | Noticed Robin
  1158 | D:2      | Killed Robin
  1346 | D:2      | Reached XP level 4. HP: 32/41 MP: 3/3
  1444 | D:2      | Found a faded altar to an unknown god.
  1521 | D:2      | Found a shattered altar of Ashenzari.
  1769 | D:2      | Reached XP level 5. HP: 18/47 MP: 4/4
  2061 | D:2      | Reached skill level 5 in Fighting
  2470 | D:3      | Noticed an orc warrior
  2478 | D:3      | HP: 1/48 [orc priest/divine providence (15)]
  2478 | D:3      | Mangled by an orc warrior

Skill      XL: |  1  2  3  4  5 |
---------------+----------------+-----
Fighting       | 4 5 |  5.0
Polearms       | 4 |  4.5
Armour         | 3 |  3.8
Dodging        | 3 |  3.4

Action                   |  1- 3 |  4- 6 || total
-------------------------+-------+-------++-------
Melee: Spear             |   106 |    36 ||   142
       Headbutt          |    15 |     2 ||    17
       Halberd           |       |    25 ||    25
Invok: Berserk           |       |     1 ||     1
  Eat: Chunk             |     1 |     5 ||     6
Armor: Ring mail         |    22 |    15 ||    37
Dodge: Dodged            |    44 |    20 ||    64
